 Dungeon Crawl Stone Soup version 0.29-a0-577-gafbf2c5d25 (webtiles) character file.

Game seed: 13531472850094210192

1741 porpoise the Fighter (level 9, -10/74 HPs)
             Began as a Barachi Gladiator on June 14, 2022.
             Mangled by an orc warrior
             ... wielding a +0 halberd
              (21 damage)
             ... on level 6 of the Dungeon.
             The game lasted 00:25:00 (8128 turns).

porpoise the Fighter (Barachi Gladiator)            Turns: 8128, Time: 00:25:01

Health: -10/74     AC:  4    Str: 20    XL:     9   Next: 5%
Magic:  9/9        EV: 12    Int:  9    God:
Gold:   359        SH:  0    Dex: 13    Spells: 8/8 levels left

rFire   . . .      SeeInvis .   a - +1 trident
rCold   . . .      Faith    .   (no shield)
rNeg    . . .      Spirit   .   o - +0 ring mail
rPois   .          Reflect  .   c - +1 helmet
rElec   .          Harm     .   (no cloak)
rCorr   .          Rampage  .   (no gloves)
Will    .....                   (no boots)
Stlth   ++........              (no amulet)
HPRegen 0.22/turn               (no ring)
MPRegen 0.11/turn               (no ring)

@: mighty, corroded, slow
A: amphibious, slowness 1, strong legs 1, +LOS
a: Hop


You were on level 6 of the Dungeon.
You visited 1 branch of the dungeon, and saw 6 of its levels.
You also visited: Ossuary.

You collected 359 gold pieces.

Inventory:

Hand Weapons
 a - a +1 trident (weapon)
 b - a +0 hunting sling
Missiles
 d - 4 throwing nets (quivered)
 h - 2 boomerangs
 u - a javelin
 y - 10 poisoned darts
Armour
 c - a +1 helmet (worn)
 o - a +0 ring mail (worn)
Magical Staves
 r - a staff of air
Jewellery
 g - an amulet of the acrobat
 k - a ring of willpower
 E - a ring of ice
Wands
 t - a wand of mindburst (4)
Scrolls
 e - a scroll of enchant armour
 l - a scroll of immolation
 m - 2 scrolls of enchant weapon
 s - a scroll of blinking
 A - a scroll of amnesia {unknown}
 B - a scroll of identify
Potions
 f - a potion of flight
 i - 6 potions of curing
 j - 5 potions of lignification
 n - 2 potions of magic
 p - a potion of might
 q - a potion of mutation {unknown}
 v - a potion of ambrosia {unknown}
 w - 2 potions of attraction
 x - 2 potions of brilliance
 z - a potion of heal wounds
 C - a potion of invisibility {unknown}
 D - a potion of berserk rage {unknown}


   Skills:
 + Level 8.3 Fighting
 - Level 6.0 Polearms
 - Level 2.0 Throwing
 + Level 6.3 Armour
 - Level 3.2 Dodging
 - Level 5.0 Stealth


You had 8 spell levels left.
You didn't know any spells.
Your spell library contained the following spells:

 Spells                   Type           Power      Damage    Failure   Level
 Ensorcelled Hibernation  Hex/Ice        0%         N/A       67%         2
 Spider Form              Tmut/Pois      0%         N/A       88%         3
 Anguish                  Hex/Necr       0%         N/A       99%         4


Dungeon Overview and Level Annotations

Branches:
Dungeon (6/15)            Ossuary (visited)
 Temple: D:4-7

Altars:
Elyvilon
Qazlal
The Shining One

Shops:
D:2 [

Annotations:
D:3 2 transporters, DocClef's ghost, weakling DrDe
D:4 exclusion: downstairs


Innate Abilities, Weirdness & Mutations

You are amphibious.
You cover ground slowly.
You can hop short distances.
You have an extended range of vision and can be seen from far away.


Message History

You hit the orc priest.
The orc priest is moderately wounded.
You feel sick.
The orc priest hits you with a +0 dagger.
* * * LOW HITPOINT WARNING * * *
The gnoll barely misses you.
You completely miss the orc priest.
You punch the orc priest, but do no damage.
The orc priest is moderately wounded.
You feel sick.
You are no longer poisoned.
The orc priest hits you with a +0 dagger.
* * * LOW HITPOINT WARNING * * *
The gnoll zaps a wand.
The bolt of acid misses you.
You feel much better.
The orc priest looks satisfied for a moment.
The gnoll hits you with a +0 whip.
You puncture the orc priest!
You kill the orc priest!
An orc comes into view. It is wielding a +0 dagger.
The gnoll closely misses you.
A phantom comes into view.
The orc shouts!
The gnoll zaps a wand.
The bolt of acid hits you! The acid corrodes you!
There is an open door here.
You are too injured to fight recklessly!
You are too injured to fight recklessly!
Reach: a) +1 trident
Press: ? - help, Dir - move target, f - orc warrior
Aim: an orc warrior, wielding a +0 halberd and wearing a +0 plate armour (about 35% to evade your +1 trident)
You reach to attack!
You hit the orc warrior.
The orc warrior is lightly wounded.
The orc warrior hits you from afar with a +0 halberd!
* * * LOW HITPOINT WARNING * * *
Aiming: Mindburst
Press: ? - help, Shift-Dir - straight line, f/p - orc warrior
Aim: an orc warrior, wielding a +0 halberd and wearing a +0 plate armour (lightly wounded, chance to affect: 64%)
The orc warrior struggles to resist.
The orc warrior hits you from afar with a +0 halberd!!
You die...

#.## ##..## ##.#.##....######
#.####....####.#....#.......##
#..##..##..##....####.......##
#................# #.<.......
##...............# #.......≈≈
############.#### #....≈≈≈≈#
W'..###...#.# #.≈≈≈≈#≈≈≈
#...#'.8.#.# #.≈#≈≈≈≈#≈
#...#...#@# #.≈≈≈#≈≈≈≈
#..#...#.# #..≈≈≈≈#≈≈ #).8oo.#
#..≈#≈≈≈≈# #.#O.O###
#..≈≈≈#≈≈≈ #Y #)..# #...≈≈≈≈#≈
.o #'.8.# #...≈#≈≈≈≈ ## ##...#
##..≈≈≈... ##### #........
#.......#


You could see an orc warrior and an ogre.

Vanquished Creatures
  A water moccasin (D:5)
  2 ice beasts (D:5)
  A sky beast (D:6)
  A black bear (D:6)
  A kobold brigand (D:6)
  3 scorpions (D:6)
  A howler monkey (D:5)
  2 jellies (D:5)
  5 hounds
  4 orc priests
  2 gnoll shamans (D:5)
  4 iguanas
  2 orc wizards
  8 mummies (Ossuary)
  9 gnolls
  10 adders
  A shadow imp (D:6)
  A white imp (D:5)
  3 ufetubi
  A worm (D:2)
  2 dart slugs
  15 orcs
  8 ball pythons
  8 endoplasms
  A giant cockroach (D:2)
  10 goblins
  3 hobgoblins
  3 jackals (D:1)
  11 kobolds
  6 quokkas
  5 bats
  8 frilled lizards
  2 gnoll zombies (Ossuary)
  A hobgoblin zombie (Ossuary)
  3 kobold zombies (Ossuary)
  2 orc zombies (Ossuary)
  8 rats
158 creatures vanquished.

Notes
Turn   | Place    | Note
-------+----------+-------------------------------------------
     0 | D:1      | porpoise the Barachi Gladiator began the quest for the Orb.
     0 | D:1      | Reached XP level 1. HP: 17/17 MP: 1/1
   146 | D:1      | Reached XP level 2. HP: 23/23 MP: 2/2
   384 | D:1      | Reached skill level 1 in Stealth
   582 | D:1      | Reached XP level 3. HP: 28/28 MP: 3/3
   664 | D:1      | Reached skill level 3 in Fighting
   776 | D:2      | Found Kaitoworist's Armour Boutique.
  1505 | D:2      | Reached XP level 4. HP: 34/35 MP: 4/4
  1940 | D:3      | Reached XP level 5. HP: 41/41 MP: 5/5
  2050 | D:3      | Found a white marble altar of Elyvilon.
  2208 | D:3      | Found a faded altar of an unknown god.
  2305 | D:3      | Found a transporter.
  2305 | D:3      | Noticed DocClef's ghost (weakling DrDe)
  2337 | D:3      | Found a transporter.
  2518 | D:4      | Found a glowing golden altar of the Shining One.
  2656 | D:4      | Reached skill level 4 in Fighting
  2656 | D:4      | Reached skill level 5 in Polearms
  2868 | D:4      | Reached XP level 6. HP: 40/48 MP: 6/6
  3545 | D:5      | Entered Level 5 of the Dungeon
  3570 | D:5      | Noticed an ice beast
  3708 | D:5      | Noticed a water moccasin
  3735 | D:5      | Killed a water moccasin
  3959 | D:5      | Found a sand-covered staircase.
  3964 | Ossuary  | Entered an ossuary
  4225 | Ossuary  | Reached XP level 7. HP: 55/55 MP: 7/7
  4789 | D:5      | Reached skill level 5 in Fighting
  4789 | D:5      | Reached skill level 1 in Armour
  5526 | D:5      | Reached XP level 8. HP: 64/64 MP: 8/8
  5682 | D:4      | HP: 2/64 [gnoll/+0 flail[a gnoll shaman] (9)]
  6067 | D:5      | Reached skill level 6 in Fighting
  7265 | D:6      | Reached skill level 5 in Stealth
  7277 | D:6      | Reached skill level 7 in Fighting
  7368 | D:6      | Reached skill level 5 in Armour
  7548 | D:6      | Found a stormy altar of Qazlal.
  8111 | D:6      | Reached skill level 8 in Fighting
  8115 | D:6      | Reached XP level 9. HP: 22/74 MP: 9/9
  8128 | D:6      | Mangled by an orc warrior

Illustrated notes

Levels and vault maps discovered:
D:1:      minmay_arrival_four_circles, layout_rooms, minmay_bisected
D:2:      layout_loops_ring, serial_shops, shop, minmay_3d_cube
D:3:      layout_rooms, mainiacjoe_overflow_paths, gammafunk_ghost_arena,
          shapermc_ecumenical_altar_starsandcircs
D:4:      layout_layer_cave, kennysheep_mini_moat
D:5:      layout_basic, nicolae_ossuary_entry_plus
D:6:      minmay_chambers_of_threes, layout_rooms,
          mainiacjoe_overflow_six_doors_small, nicolae_lava_and_water,
          palyth_stone_intersect

Skill      XL: |  1  2  3  4  5  6  7  8 |
---------------+-------------------------+-----
Stealth        | 1 2 3 4 5 |  5.0
Fighting       | 3 4 5 8 |  8.3
Polearms       | 4 5 6 |  6.0
Armour         | 3 6 |  6.3
Throwing       | |  2.0
Dodging        | |  3.2

Action                   |  1- 3 |  4- 6 |  7- 9 || total
-------------------------+-------+-------+-------++-------
Melee: Trident           |   129 |   159 |   314 ||   602
       Punch             |       |     2 |     5 ||     7
 Fire: Hunting sling     |       |    44 |    58 ||   102
Throw: Javelin           |       |     1 |       ||     1
Evoke: Wand              |       |       |     1 ||     1
  Use: Scroll            |       |    12 |     6 ||    18
       Potion            |       |       |     5 ||     5
 Stab: Sleeping          |     4 |       |     2 ||     6
       Distracted        |       |       |     1 ||     1
Armor: Leather armour    |    33 |       |       ||    33
       Ring mail         |     2 |    51 |   101 ||   154
Dodge: Dodged            |    73 |    75 |   186 ||   334

Table legend: (Time is in decaauts)
 A = Elapsed time spent in this place.
 B = Non-inter-level travel time spent in this place.
 C = Inter-level travel time spent in this place.
 D = Time resting spent in this place.
 E = Time spent auto-exploring this place.
 F = Levels seen in this place.
 G = Mean time per level.
                   A        B        C        D        E       F      G
               +--------+--------+--------+--------+--------+-----+--------+
         Total |   8909 |   8626 |    283 |   3209 |   3654 |   7 | 1272.7 |
       Dungeon |   8056 |   7773 |    283 |   2738 |   3501 |   6 | 1342.7 |
       Ossuary |    853 |    853 |      0 |    471 |    152 |   1 |  853.0 |
               +--------+--------+--------+--------+--------+-----+--------+

Top non-repeatable levels by time:
     D:5: 2535 daAuts
     D:4: 1801 daAuts
     D:2: 1065 daAuts
     D:6: 1048 daAuts
     D:1: 854 daAuts
 Ossuary: 853 daAuts
     D:3: 751 daAuts
